 Dungeon Crawl Stone Soup version 0.28.0-43-g3370ac3207 (webtiles) character file.

Game seed: 5442609461265940713

1486 sking99 the Basher (level 8, -1/56 HPs)
             Began as a Demonspawn Gladiator on Mar 24, 2022.
             Was an Initiate of Gozag.
             Slain by an orc
             ... wielding a +0 war axe of electrocution
              (12 damage)
             ... on level 6 of the Dungeon.
             The game lasted 00:10:33 (6165 turns).

sking99 the Basher (Demonspawn Gladiator)           Turns: 6165, Time: 00:10:33

Health: -1/56      AC: 15    Str: 18    XL:     8   Next: 50%
Magic:  0/8        EV:  7    Int:  9    God:    Gozag
Gold:   1111       SH:  0    Dex: 14    Spells: 7/7 levels left

rFire   . . .      SeeInvis .   a - +0 flail
rCold   . . .      Faith    .   (no shield)
rNeg    . . .      Spirit   +   b - +3 chain mail
rPois   .          Reflect  .   c - +1 helmet
rElec   .          Harm     .   (no cloak)
rCorr   .          Rampage  .   (no gloves)
Will    .....                   (no boots)
Stlth   ..........              (no amulet)
HPRegen 0.18/turn               (no ring)
MPRegen 0.22/turn               (no ring)

@: gold aura
A: hooves 2, slimy green scales 1, ignite blood 1, magic shield, magic
regeneration, magic link
a: Renounce Religion, Potion Petition, Call Merchant, Bribe Branch


You were on level 6 of the Dungeon.
You worshipped Gozag.
Gozag was most pleased with you.
You visited 1 branch of the dungeon, and saw 6 of its levels.
You also visited: Ossuary.

You collected 1111 gold pieces.

Inventory:

Hand Weapons
 a - a +0 flail (weapon)
Missiles
 d - 4 throwing nets (quivered)
Armour
 b - a +3 chain mail (worn)
 c - a +1 helmet (worn)
 h - a +0 plate armour
Wands
 n - a wand of acid (3)
 t - a wand of flame (19)
Scrolls
 g - a scroll of immolation
 i - 5 scrolls of teleportation
 m - 2 scrolls of amnesia
 q - 2 scrolls of fog
Potions
 e - 3 potions of brilliance
 f - 2 potions of lignification
 j - 3 potions of degeneration
 k - a potion of cancellation {unknown}
 l - a potion of curing
 o - 2 potions of flight
 p - 2 potions of haste
 s - a potion of magic {unknown}


   Skills:
 - Level 2.0 Fighting
 * Level 10.2 Maces & Flails
 - Level 1.7 Throwing
 - Level 2.6 Dodging


You had 7 spell levels left.
You didn't know any spells.
Your spell library contained the following spells:

 Spells                   Type           Power      Damage    Failure   Level
 Confusing Touch          Hex            0%         N/A       100%        3
 Yara's Violent Unravell  Hex/Tmut       0%         3d3       100%        5
 Dispersal                Tloc           0%         N/A       100%        6
 Enfeeble                 Hex            0%         N/A       100%        7
 Disjunction              Tloc           0%         N/A       100%        8


Dungeon Overview and Level Annotations

Branches:
Dungeon (6/15)            Ossuary (visited)
 Temple: D:4-7

Altars:
Fedhas
Gozag
Hepliaklqana
Sif Muna
Trog
Zin
Lugonu

Portals:
Abyss: D:3

Annotations:
D:3 2 runed translucent doors
D:6 Blork the orc


Innate Abilities, Weirdness & Mutations

You have hoof-like feet.
You are partially covered in slimy green scales. (AC +2)
Your demonic aura sometimes causes spilled blood to erupt in flames.
When hurt, damage is shared between your health and your magic reserves.
You regenerate magic rapidly.
When low on magic, you restore magic in place of health.


Message History

You hit the orc priest.
The orc priest is lightly wounded.
The orc priest hits you but does no damage.
You hit the orc priest.
The orc priest is moderately wounded.
The orc priest invokes the aid of Beogh against you.
Beogh smites you!
You barely miss the orc priest.
The orc priest is moderately wounded.
The orc priest invokes the aid of Beogh against you.
Beogh smites you!
You closely miss the orc priest. You kick the orc priest.
The orc priest is heavily wounded.
The orc priest closely misses you.
You hit the orc priest.
The orc priest is heavily wounded.
The orc priest invokes the aid of Beogh against you.
Beogh smites you!
You closely miss the orc priest. You kick the orc priest.
The orc priest is severely wounded.
The orc hits you but does no damage. The orc priest closely misses you.
You barely miss the orc priest. Your kick misses the orc priest.
The orc priest is severely wounded.
The orc hits you but does no damage.
You hit the orc priest.
You kill the orc priest!
The orc hits you but does no damage.
You are electrocuted!
* * * LOW HITPOINT WARNING * * *
You hit the orc.
The orc is lightly wounded.
The orc hits you with a +0 dagger.
* * * LOW HITPOINT WARNING * * *
The orc hits you but does no damage.
You are electrocuted!
* * * LOW HITPOINT WARNING * * *
Okay, then.
You feel better. The orc hits you with a +0 dagger.
* * * LOW HITPOINT WARNING * * *
The orc hits you but does no damage.
You are electrocuted!
You die...
Your body crumbles into a pile of gold.

## #.###...>..........#
.#########............#.....#
.....)..........#.#####.....#
####............#.# #.....#
................#.#####.....#
..<).########.#......########
..............#......#
......#####....##o######
..............oo@.......#
###########.###########.# #
............... #
..####....#...# # #....# .# #
#....# # $ Y...## # #.o.# #
#...#


You could see 3 orcs.

Vanquished Creatures
  A sky beast (D:5)
  3 black bears
  A necrophage (D:6)
  An ogre (D:5)
  A kobold brigand (D:5)
  2 scorpions (D:5)
  4 water moccasin zombies (Ossuary)
  2 howler monkeys (D:5)
  A bullfrog zombie (D:5)
  A hound (D:4)
  3 orc priests
  2 iguanas (D:5)
  2 orc wizards
  2 mummies (Ossuary)
  A gnoll (D:5)
  4 adders
  An ufetubus (D:6)
  An adder skeleton (D:4)
  3 adder zombies (Ossuary)
  2 dart slugs (D:1)
  15 orcs
  5 ball pythons
  4 endoplasms
  8 giant cockroaches
  4 gnoll zombies (Ossuary)
  9 hobgoblins
  14 jackals
  10 kobolds
  2 quokkas (D:2)
  5 bats
  A frilled lizard (D:3)
  11 goblins
  6 hobgoblin zombies (Ossuary)
  7 kobold zombies (Ossuary)
  4 orc zombies (Ossuary)
  3 rats
  A spectral goblin (D:1)
  A spectral hobgoblin (D:4)
148 creatures vanquished.

Notes
Turn   | Place    | Note
-------+----------+-------------------------------------------
     0 | D:1      | sking99 the Demonspawn Gladiator began the quest for the
                  | Orb.
     0 | D:1      | Reached XP level 1. HP: 16/16 MP: 1/1
    38 | D:1      | Reached skill level 3 in Maces & Flails
   296 | D:1      | Gained mutation: You regenerate magic rapidly. [demonic
                  | ancestry]
   296 | D:1      | Reached XP level 2. HP: 22/22 MP: 2/2
   350 | D:1      | Found a faded altar of an unknown god.
   360 | D:1      | Prayed at the altar of an unknown god.
   360 | D:1      | Became a worshipper of Gozag Ym Sagoz the Greedy
   728 | D:1      | Gained mutation: You have large cloven feet. [demonic
                  | ancestry]
   728 | D:1      | Reached XP level 3. HP: 27/27 MP: 3/3
   802 | D:1      | Reached skill level 4 in Maces & Flails
  1613 | D:2      | Gained mutation: You have hoof-like feet. [demonic
                  | ancestry]
  1613 | D:2      | Reached XP level 4. HP: 33/33 MP: 4/4
  2122 | D:3      | Found a one-way gate to the infinite horrors of the Abyss.
  2396 | D:3      | Found a large runed translucent door.
  2396 | D:3      | Found a large runed translucent door.
  2397 | D:3      | Found a corrupted altar of Lugonu.
  2491 | D:2      | Identified the +3 scale mail "Qihusac" {rPois rN+ Dex-2
                  | SInv}
  2699 | D:3      | Found a bloodstained altar of Trog.
  3244 | D:4      | Reached skill level 5 in Maces & Flails
  3292 | D:4      | Found a sand-covered staircase.
  3307 | Ossuary  | Entered an ossuary
  3372 | Ossuary  | Gained mutation: Your demonic aura sometimes causes spilled
                  | blood to erupt in flames. [demonic ancestry]
  3372 | Ossuary  | Reached XP level 5. HP: 38/38 MP: 5/5
  3444 | Ossuary  | Reached skill level 6 in Maces & Flails
  3537 | Ossuary  | Gained mutation: When hurt, damage is shared between your
                  | health and your magic reserves. [demonic ancestry]
  3537 | Ossuary  | Reached XP level 6. HP: 36/44 MP: 6/6
  4300 | D:4      | Found a hazy altar of Hepliaklqana.
  4389 | D:5      | Entered Level 5 of the Dungeon
  4393 | D:5      | Reached skill level 7 in Maces & Flails
  4417 | D:5      | Gained mutation: When low on magic, you restore magic in
                  | place of health. [demonic ancestry]
  4417 | D:5      | Reached XP level 7. HP: 47/50 MP: 7/7
  4440 | D:5      | Found a blossoming altar of Fedhas.
  4520 | D:5      | Reached skill level 8 in Maces & Flails
  5252 | D:5      | Reached skill level 9 in Maces & Flails
  5252 | D:5      | Gained mutation: You are partially covered in slimy green
                  | scales. (AC +2) [demonic ancestry]
  5252 | D:5      | Reached XP level 8. HP: 52/56 MP: 6/8
  6022 | D:6      | Found a shimmering blue altar of Sif Muna.
  6023 | D:6      | Noticed Blork the orc
  6112 | D:6      | Reached skill level 10 in Maces & Flails
  6165 | D:6      | Slain by an orc

Illustrated notes

Levels and vault maps discovered:
D:1:      evilmike_arrival_crescent, layout_loops_ring,
          dreamdust_ecumenical_altar_drowned_temple
D:2:      layout_basic, basic_altar
D:3:      due_chaos_kobolds, layout_basic, trog_three_pillars_becter
D:4:      layout_loops_ring, nicolae_hepliaklqana_monster_ancestors,
          nicolae_ossuary_entry_ruins
D:5:      layout_rooms, mainiacjoe_overflow_cross_hatched
D:6:      minmay_recursive_quarters, layout_rooms, grunt_temple_overflow_open,
          uniq_blork_the_orc, uniq_pikel, uniq_eustachio

Skill      XL: |  1  2  3  4  5  6  7  8 |
---------------+-------------------------+-----
Maces & Flails | 3 4 5 6 7 9 10 | 10.2
Fighting       | |  2.0
Throwing       | |  1.7
Dodging        | |  2.6

Action                   |  1- 3 |  4- 6 |  7- 9 || total
-------------------------+-------+-------+-------++-------
Melee: Flail             |   112 |   198 |   150 ||   460
       Kick              |    10 |    58 |    47 ||   115
       Punch             |       |     2 |     1 ||     3
  Use: Scroll            |       |     6 |     8 ||    14
       Potion            |       |       |     1 ||     1
 Stab: Distracted        |     1 |       |       ||     1
Armor: Leather armour    |    31 |       |       ||    31
       Plate armour      |     7 |    39 |       ||    46
       Chain mail        |       |    61 |    93 ||   154
Dodge: Dodged            |    82 |    58 |    41 ||   181
